 Seeded DCSS version 0.29-a0-356-g7bc237e783 (webtiles) character file.

Game seed: 10379163089297173258 (custom seed)

72323 thiscave3701365 the Executioner (level 15, 0/136 HPs)
             Began as a Minotaur Berserker on Apr 22, 2022.
             Was an Elder of Trog.
             Slain by a tyrant leech (15 damage)
             ... on level 6 of the Lair of Beasts on Apr 25, 2022.
             The game lasted 00:37:56 (28496 turns).

thiscave3701365 the Executioner (MiBe)             Turns: 28496, Time: 00:37:59

Health: 0/136      AC: 30    Str: 24    XL:     15   Next: 0%
Magic:  0/4        EV: 10    Int:  4    God:    Trog [****..]
Gold:   1925       SH:  0    Dex: 15    Spells: 14/14 levels left

rFire   . . .      SeeInvis +   K - +4 executioner's axe (antimagic)
rCold   + . .      Faith    .   (shield currently unavailable)
rNeg    . . .      Spirit   +   F - +7 plate armour {ponderous}
rPois   .          Reflect  .   (helmet restricted)
rElec   .          Harm     .   N - +2 cloak
rCorr   .          Rampage  .   B - +1 pair of gloves {hurl}
Will    +....                   I - +0 pair of boots
Stlth   ..........              A - amulet of guardian spirit
HPRegen 0.32/turn               R - ring of Fat Roe {Fly rC+ Str-4 Dex+4}
MPRegen 0.09/turn               T - ring of see invisible

@: marked, on berserk cooldown, flying, slowed, very slow
A: horns 2, retaliatory headbutt, low MP 1
a: Renounce Religion, Berserk, Trog's Hand, Brothers in Arms


You were on level 6 of the Lair of Beasts.
You worshipped Trog.
Trog was greatly pleased with you.
You visited 2 branches of the dungeon, and saw 18 of its levels.
You also visited: Sewer.

You collected 1925 gold pieces.

Inventory:

Hand Weapons
 K - a +4 antimagic executioner's axe (weapon)
Missiles
 i - 3 throwing nets
Armour
 B - a +1 pair of gloves of hurling (worn)
 F - a +7 plate armour of ponderousness (worn)
 I - a +0 pair of boots (worn)
 N - a +2 cloak (worn)
 W - the +2 shield of Resistance {rF++ rC++ Will++}
   (You found it on level 5 of the Lair of Beasts)

   rF:        It greatly protects you from fire.
   rC:        It greatly protects you from cold.
   Will:      It greatly increases your willpower.
 Y - the +8 chain mail of Ejefakoc {+Blink rC+}
   (You found it on level 5 of the Lair of Beasts)

   rC:        It protects you from cold.
   +Blink:    It lets you blink.
Jewellery
 a - an amulet of faith
 f - a +6 ring of dexterity
 h - a +4 ring of evasion
 p - a +4 ring of evasion
 q - the ring "Jun Badio" {rElec Will+ rCorr MP+9 Int-5}
   (You acquired it on level 2 of the Lair of Beasts)

   [ring of resist corrosion]

   Int:       It affects your intelligence (-5).
   rElec:     It insulates you from electricity.
   MP:        It affects your magic capacity (+9).
   rCorr:     It protects you from acid and corrosion.
   Will:      It increases your willpower.
 A - an amulet of guardian spirit (around neck)
 P - a ring of magical power
 R - the ring of Fat Roe (left hand) {Fly rC+ Str-4 Dex+4}
   (You acquired it on level 2 of the Lair of Beasts)

   [ring of flight]

   Str:       It affects your strength (-4).
   Dex:       It affects your dexterity (+4).
   rC:        It protects you from cold.
   Fly:       It grants you flight.
 T - a ring of see invisible (right hand)
Wands
 s - a wand of mindburst (16)
 u - a wand of flame (40)
 x - a wand of polymorph (22)
 E - a wand of acid (5)
 G - a wand of iceblast (16)
 H - a wand of paralysis (11)
 M - a wand of charming (5)
Scrolls
 c - 3 scrolls of blinking
 d - 8 scrolls of teleportation
 k - 5 scrolls of fear
 w - 4 scrolls of magic mapping
 y - a scroll of summoning
 z - 2 scrolls of fog
 L - a scroll of silence
 S - a scroll of immolation
Potions
 b - 3 potions of flight
 g - 14 potions of heal wounds
 j - 2 potions of cancellation
 l - 2 potions of invisibility
 m - 8 potions of curing
 n - 2 potions of haste
 o - 4 potions of lignification
 r - 5 potions of mutation
 t - 3 potions of resistance
 v - 3 potions of degeneration
 C - 3 potions of berserk rage
 D - 3 potions of attraction
 J - a potion of magic {unknown}
 O - a potion of ambrosia {unknown}
 Q - 2 potions of brilliance {unknown}
 U - a potion of might {unknown}
Miscellaneous
 X - a condenser vane


   Skills:
 + Level 13.2 Fighting
 + Level 24.7 Axes
 + Level 12.8 Armour
 + Level 6.6 Dodging
 + Level 1.3 Stealth
 + Level 2.3 Shields


You had 14 spell levels left.
You didn't know any spells.
Your spell library was empty.

Dungeon Overview and Level Annotations

Branches:
Dungeon (12/15)            Temple (0/1) D:6            Lair (6/6) D:10
  Swamp (0/4) Lair:3       Spider (0/4) Lair:3        Slime (0/5) Lair:6
    Orc (0/2) D:9           Sewer (visited)

Altars:
Dithmenos
Elyvilon
Fedhas
Gozag
Hepliaklqana
Kikubaaqudgha
Makhleb
Okawaru
Sif Muna
Wu Jian
Xom
The Shining One
Beogh
Lugonu

Shops:
D:2 *   D:4 *=   D:6 :

Portals:
Abyss: Lair:1

Annotations:
D:8 1 runed translucent door, logorrheac's ghost, novice GnWn
D:11 exclusion: obsidian statue
Lair:6 1 runed translucent door


Innate Abilities, Weirdness & Mutations

You have a pair of horns on your head.
You reflexively headbutt those who attack you in melee.
Your magical capacity is low. (-10% MP)


Message History

You miss the tyrant leech. You hit the torpor snail.
You are no longer berserk.
You are exhausted.
You feel as though you will be slow longer.
The hornet stings you but does no damage.
The tyrant leech bites you!!
* * * LOW HITPOINT WARNING * * *
The tyrant leech draws strength from your injuries!
The torpor snail bites you but does no damage.
You slice the hornet!!
You kill the hornet!
Trog accepts your kill.
You miss the tyrant leech. You slash the torpor snail!
You kill the torpor snail!
Trog accepts your kill. The lindwurm breathes flames at you.
The blast of flame hits you!
* * * LOW HITPOINT WARNING * * *
The tyrant leech bites you but does no damage.
You have reached level 15!
Your experience leads to an increase in your attributes!
Your base attributes are Str 26, Int 4, Dex 11.
Increase (S)trength, (I)ntelligence, or (D)exterity?
You feel stronger. x2
You barely miss the tyrant leech. You slice the torpor snail!!
You closely miss the tyrant leech.
The tyrant leech bites you but does no damage.
You slice the torpor snail!! Your headbutt misses the torpor snail.
The torpor snail is almost dead.
You closely miss the tyrant leech. You completely miss the tyrant leech.
The torpor snail misses you.
The tyrant leech bites you but does no damage.
You hit the torpor snail but do no damage.
You headbutt the torpor snail, but do no damage.
The torpor snail is almost dead.
You slice the tyrant leech!! x2; The tyrant leech bites you!
* * * LOW HITPOINT WARNING * * *
The tyrant leech draws strength from your injuries!
The tyrant leech bites you!
You die...

######## ##
#.##.P.##.#
##.......####
###...###..@wk#
##....##
##†ww..#
#.⌠.###
###.....#
##...## .#....#
#+#...###
#.#....
$D####...#
#.#... #$.$
#..## ###.P
#$$$ ##..### ..
#$$ #....#


You could see 2 tyrant leeches, a torpor snail and a lindwurm.

Vanquished Creatures
  Rupert (Lair:5)
  Kirke (Lair:5)
  The ghost of Shayle the Slinger, a journeyman TeBr of Gozag (Lair:4)
  Snorg (D:11)
  A fire dragon (Lair:5)
  Josephine (D:10)
  A deep elf high priest (D:11)
  2 ogre magi
  3 boulder beetles
  4 hydras
  An alligator (Lair:4)
  A centaur warrior (D:12)
  5 two-headed ogres
  2 death yaks (Lair:5)
  A tengu warrior (D:12)
  3 bog bodies (Lair:3)
  Pikel (D:5)
  3 orc knights
  4 ugly things
  4 manticores
  The ghost of HendSelp the Insei, a novice OpTm (D:5)
  8 oklob plants
  3 elephants (Lair:3)
  4 cyclopes
  Joseph (D:9)
  A black mamba (Lair:3)
  4 torpor snails
  9 cane toads
  12 komodo dragons
  16 rime drakes
  A yaktaur (D:12)
  4 kobold demonologists (D:11)
  An unseen horror (D:11)
  A troll (D:9)
  2 polar bears
  6 hornets (Lair:6)
  2 tyrant leeches (Lair:6)
  Grinder (D:3)
  5 dream sheep (Lair:6)
  6 slime creatures
  12 blink frogs
  A shadow (D:10)
  4 wyverns
  9 wraiths
  57 yaks
  A fire bat (shapeshifter) (D:11)
  6 steam dragons
  3 basilisks
  4 vampire mosquitoes (D:12)
  8 wargs (D:11)
  Menkaure (D:6)
  An acid dragon (D:9)
  7 water moccasins
  3 swamp drakes (Lair:6)
  Pargi (Sewer)
  4 black bears
  14 orc warriors
  2 hornet zombies (D:6)
  2 ice beasts (D:6)
  2 ogres
  19 wolves
  11 centaurs
  2 phantoms
  2 lemures (D:5)
  5 kobold brigands (D:11)
  11 bullfrogs
  2 wyvern zombies (D:6)
  8 gnoll sergeants
  A necrophage (D:5)
  9 scorpions
  A water moccasin zombie (D:6)
  9 wights
  A wyvern skeleton (D:6)
  3 killer bees (D:10)
  7 howler monkeys
  An electric eel (Lair:3)
  3 centaur zombies (D:6)
  2 bullfrog zombies (D:6)
  A lava snake (D:9)
  3 gnoll shamans (D:11)
  3 hounds (D:6)
  3 jellies
  13 orc priests
  A bullfrog skeleton (D:6)
  4 iguanas
  13 orc wizards
  3 killer bee zombies (D:6)
  7 gnolls
  5 adders
  2 howler monkey skeletons (D:6)
  2 white imps
  2 ufetubi
  8 worms
  2 dart slugs (D:3)
  24 orcs
  8 endoplasms
  5 giant cockroaches
  8 goblins
  2 hobgoblins (D:3)
  12 jackals
  5 kobolds
  7 quokkas
  11 ball pythons
  8 bats (D:1)
  6 frilled lizards
  3 rats
  A bush (Lair:6)
  A butterfly (Lair:3)
  A lurking horror (Lair:1)
542 creatures vanquished.

Vanquished Creatures (others)
  5 humans (Lair:5)
  40 fungi
  A lurking horror (Lair:1)
  80 plants
  A withered plant (D:6)
127 creatures vanquished.

Grand Total: 669 creatures vanquished

Notes
Turn   | Place    | Note
-------+----------+-------------------------------------------
     0 | D:1      | thiscave3701365 the Minotaur Berserker began the quest for
                  | the Orb.
     0 | D:1      | Reached XP level 1. HP: 19/19 MP: 0/0
   259 | D:1      | Reached XP level 2. HP: 26/27 MP: 1/1
   913 | D:1      | Reached skill level 4 in Axes
  1008 | D:2      | Reached ** piety under Trog
  1013 | D:2      | Reached XP level 3. HP: 27/33 MP: 2/2
  1108 | D:2      | Found a blossoming altar of Fedhas.
  1228 | D:2      | Reached XP level 4. HP: 26/41 MP: 3/3
  1785 | D:2      | Found Kieph's Assorted Antiques.
  2301 | D:3      | Found an ancient bone altar of Kikubaaqudgha.
  2343 | D:3      | Found a white marble altar of Elyvilon.
  2385 | D:3      | Reached XP level 5. HP: 46/47 MP: 4/4
  2422 | D:3      | Noticed Grinder
  2438 | D:3      | Killed Grinder
  2439 | D:3      | Reached skill level 5 in Fighting
  2439 | D:3      | Reached skill level 5 in Axes
  2439 | D:3      | Reached XP level 6. HP: 56/56 MP: 5/5
  2779 | D:3      | Found a glowing golden altar of the Shining One.
  2823 | D:4      | Reached *** piety under Trog
  3007 | D:4      | Found Piettuikk's Neck Hole.
  3225 | D:4      | Found Cuerozio's Jewellery Shoppe.
  3461 | D:5      | Entered Level 5 of the Dungeon
  3503 | D:5      | Reached skill level 5 in Armour
  3503 | D:5      | Reached XP level 7. HP: 57/62 MP: 6/6
  3530 | D:5      | Found a blossoming altar of Fedhas.
  3531 | D:5      | Found a shadowy altar of Dithmenos.
  3586 | D:5      | Found a burning altar of Makhleb.
  3599 | D:5      | Reached skill level 6 in Axes
  3599 | D:5      | Reached skill level 5 in Dodging
  4166 | D:5      | Noticed Pikel
  4178 | D:5      | Killed Pikel
  4179 | D:5      | Reached skill level 7 in Axes
  4179 | D:5      | Reached XP level 8. HP: 73/73 MP: 7/7
  4668 | D:5      | Found a runed translucent gate.
  4668 | D:5      | Found a runed translucent gate.
  4668 | D:5      | Found a runed translucent gate.
  4669 | D:5      | Noticed HendSelp's ghost (novice OpTm)
  4671 | D:5      | Identified the +9 hunting sling of Duty {vorpal, rElec
                  | rCorr Dex+4}
  4671 | D:5      | Identified the +1 ring mail of the Pits of Slime {rN++
                  | Will+ Slay-6 SInv}
  5019 | D:6      | Noticed Menkaure
  5019 | D:6      | You fall into a shaft and drop 2 floors!
  5048 | D:7      | Reached skill level 8 in Axes
  5090 | D:6      | Reached skill level 9 in Axes
  5266 | D:6      | Reached XP level 9. HP: 45/79 MP: 8/8
  5434 | D:6      | Found a shimmering altar of Xom.
  5462 | D:6      | Found a staircase to the Ecumenical Temple.
  5514 | D:6      | Found Joaneyxt's Book Emporium.
  5523 | D:6      | Reached skill level 10 in Axes
  5530 | D:6      | Found a glowing drain.
  5541 | Sewer    | Entered a sewer
  5571 | Sewer    | Noticed Pargi
  5580 | Sewer    | Killed Pargi
  5878 | D:6      | Reached **** piety under Trog
  5881 | D:6      | Reached skill level 11 in Axes
  6008 | D:6      | Found a shimmering blue altar of Sif Muna.
  6296 | D:6      | Reached skill level 12 in Axes
  6408 | D:6      | Killed Menkaure
  6409 | D:6      | Reached skill level 13 in Axes
  6876 | D:7      | Reached XP level 10. HP: 85/86 MP: 9/9
  7872 | D:8      | Reached skill level 14 in Axes
  8170 | D:8      | Found a runed translucent door.
  8171 | D:8      | Noticed logorrheac's ghost (novice GnWn)
  8172 | D:8      | Identified the +6 spear of Hocemar {protect, *Rage rF+
                  | rN++}
  8343 | D:9      | Upgraded the game from 0.29-a0-350-g7790a0e70a to
                  | 0.29-a0-356-g7bc237e783
  8497 | D:9      | Reached skill level 15 in Axes
  8622 | D:9      | Reached skill level 16 in Axes
  8800 | D:9      | Found a hazy altar of Hepliaklqana.
  8802 | D:9      | Found a staircase to the Orcish Mines.
  8853 | D:9      | Reached ***** piety under Trog
  9320 | D:9      | Noticed Joseph
  9330 | D:9      | Killed Joseph
  9331 | D:9      | Reached XP level 11. HP: 92/92 MP: 8/10
  9436 | D:9      | Found an ornate altar of the Wu Jian Council.
  9567 | D:10     | Entered Level 10 of the Dungeon
  9790 | D:10     | Found a staircase to the Lair.
  9859 | D:10     | Noticed a two-headed ogre
  9859 | D:10     | Noticed Josephine
  9881 | D:10     | Reached skill level 17 in Axes
  9881 | D:10     | Killed Josephine
  9885 | D:10     | Killed a two-headed ogre
  9899 | D:10     | Reached skill level 18 in Axes
 11046 | D:10     | Found an opulent altar of Gozag.
 11046 | D:10     | Found an iron altar of Okawaru.
 11482 | D:11     | Noticed a green ugly thing
 11492 | D:11     | Killed a green ugly thing
 11895 | D:5      | Killed HendSelp's ghost
 12152 | D:11     | Reached skill level 19 in Axes
 12992 | D:11     | Noticed a two-headed ogre
 12999 | D:11     | Killed a two-headed ogre
 13243 | D:11     | Noticed an obsidian statue
 13625 | D:11     | Noticed a two-headed ogre
 13632 | D:11     | Killed a two-headed ogre
 14073 | D:11     | Noticed Snorg
 14084 | D:11     | Killed Snorg
 14085 | D:11     | Reached skill level 20 in Axes
 14085 | D:11     | Reached XP level 12. HP: 100/100 MP: 9/11
 14298 | D:11     | Noticed a two-headed ogre
 14303 | D:11     | Killed a two-headed ogre
 14317 | D:11     | Gained mutation: Your magical capacity is low. (-10% MP) [a
                  | neqoxec]
 14952 | D:11     | Reached skill level 21 in Axes
 15093 | D:11     | Noticed a deep elf high priest
 15098 | D:11     | Killed a deep elf high priest
 16328 | D:11     | Noticed a two-headed ogre
 16335 | D:11     | Killed a two-headed ogre
 16349 | D:11     | Reached skill level 22 in Axes
 16648 | Lair:1   | Entered Level 1 of the Lair of Beasts
 17551 | D:12     | Noticed a boulder beetle
 17551 | D:12     | Noticed an ogre mage
 17551 | D:12     | Noticed a tengu warrior
 17551 | D:12     | Noticed an ogre mage
 17583 | D:11     | Killed an ogre mage
 18165 | D:12     | Killed a boulder beetle
 18310 | D:12     | Killed an ogre mage
 18369 | D:12     | Reached XP level 13. HP: 89/107 MP: 10/10
 18866 | D:12     | Reached skill level 1 in Stealth
 18866 | D:12     | Reached skill level 1 in Shields
 19815 | Lair:1   | Found a one-way gate to the infinite horrors of the Abyss.
 19816 | Lair:1   | Found a corrupted altar of Lugonu.
 20191 | Lair:1   | Found an ancient bone altar of Kikubaaqudgha.
 20419 | Lair:1   | Reached skill level 23 in Axes
 22144 | Lair:3   | Reached skill level 10 in Fighting
 22353 | Lair:3   | Identified the +2 pair of gloves "Joewn" {rC- Dex+6}
 22524 | Lair:3   | Found the +8 demon blade "Leech" {vamp, Harm Drain rN+}
 22630 | Lair:3   | Reached skill level 10 in Armour
 22639 | Lair:3   | Found a staircase to the Swamp.
 22944 | Lair:3   | Found a hole to the Spider Nest.
 23589 | Lair:2   | Identified 2 scrolls of acquirement
 23589 | Lair:2   | Acquired the ring of Fat Roe {Fly rC+ Str-4 Dex+4}
 23616 | Lair:2   | Acquired the ring "Jun Badio" {rElec Will+ rCorr MP+9
                  | Int-5}
 23619 | Lair:2   | Lost intelligence.
 24022 | Lair:4   | Received a gift from Trog
 24023 | Lair:4   | Reached XP level 14. HP: 115/124 MP: 11/11
 24092 | Lair:4   | Found a gate leading to a gauntlet.
 24352 | Lair:4   | Found a runed translucent door.
 24354 | Lair:4   | Noticed Shayle's ghost (journeyman TeBr)
 24579 | Lair:4   | Killed Shayle's ghost
 24834 | Lair:5   | Noticed Kirke
 24845 | Lair:5   | Killed Kirke
 25282 | Lair:5   | Found the +2 shield of Resistance {rF++ rC++ Will++}
 25292 | Lair:5   | Identified the +8 chain mail of Ejefakoc {+Blink rC+}
 25460 | Lair:5   | Reached skill level 24 in Axes
 25760 | Lair:5   | Noticed Rupert
 25771 | Lair:5   | Killed Rupert
 26715 | Lair:6   | Entered Level 6 of the Lair of Beasts
 28123 | Lair:6   | Found a staircase to the Slime Pits.
 28453 | Lair:6   | Found a runed translucent door.
 28472 | Lair:6   | Paralysed by a hornet for 3 turns
 28494 | Lair:6   | Reached XP level 15. HP: 21/136 MP: 1/12
 28496 | Lair:6   | Slain by a tyrant leech

Illustrated notes

Levels and vault maps discovered:
D:1:      lemuel_arrival_room, layout_basic, kennysheep_decorative_pillar
D:2:      wad_lake_hut, layout_basic, basic_altar, serial_shops,
          nicolae_shop_window_shopping
D:3:      layout_rooms, mainiacjoe_overflow_surrounded_room, tso_oasis_becter,
          mainiacjoe_overflow_boulevard, kennysheep_generic_room_14,
          uniq_grinder
D:4:      layout_rooms, serial_shops, shop, nicolae_shop_sticking_my_neck_out
D:5:      layout_basic, old_standard_altar, nicolae_overflow_squiral,
          biasface_ghost_orc_armoury, uniq_pikel
D:6:      layout_loops_ring, mainiacjoe_overflow_cross_hatched,
          mainiacjoe_overflow_tiny_flanked, minmay_temple_entry_mist,
          portal_sewer_entry_f, serial_shops,
          nicolae_shop_temple_entry_statues_fountains, serial_undead,
          serial_undead_a, serial_undead_f, serial_undead_a, serial_undead_d,
          serial_undead_a, minmay_joined_circles, uniq_menkaure
D:7:      layout_basic, dk_noncrumbling_2
D:8:      layout_loops_ring, ebering_ghost_funeral_grove
D:9:      layout_big_octagon, mainiacjoe_overflow_chevrons,
          pdpol_wu_jian_five_deadly_venoms, minmay_orc_entry_temple_small,
          uniq_joseph
D:10:     layout_stronghold, gammafunk_temple_overflow_elements,
          lair_entry_dummy, uniq_josephine
D:11:     lemuel_castle_with_subvaults [lemuel_castle_interior_original],
          layout_stronghold, minivault_16, uniq_snorg
D:12:     layout_basic, hex_intersection, minivault_28
Lair:1:   layout_hall_layers, basic_altar, amcnicky_altar_lugonu_corruption
Lair:2:   layout_cave_pods, serial_rivers, chequers_serial_rivers_large_a,
          chequers_serial_rivers_micro_a, chequers_serial_rivers_marsh,
          chequers_serial_rivers_micro_d, chequers_serial_rivers_room_b,
          minmay_holes, lemuel_fruit_fields, serial_bayou_shore_b
Lair:3:   minmay_lair_oklob_chamber, layout_layer_cave,
          nicolae_swamp_entry_splash_gauntlet, nicolae_spider_entry_non_spiders,
          dreamdust_deal_with_the_devil
Lair:4:   layout_misc_corridors, ebering_ghost_inner_flame,
          gauntlet_entry_generic, infiniplex_staircase_pool_2
Lair:5:   layout_roguey, st_stairs_5, minivault_26, bobbens_dragon_lair_wall,
          uniq_rupert, uniq_kirke
Lair:6:   wormcave, layout_loops_ring, guppyfry_lair_end_dragon,
          minmay_slime_entry_oklob_open

Skill      XL: |  1  2  3  4  5  6  7  8  9 10 11 12 13 14 |
---------------+-------------------------------------------+-----
Fighting       | 4 5 7 8 11 13 | 13.2
Axes           | 4 5 7 9 13 16 20 22 23 24 | 24.7
Armour         | 3 4 5 6 7 10 12 | 12.8
Dodging        | 3 4 6 |  6.6
Stealth        | 1 |  1.3
Shields        | 2 |  2.3

Action                   |  1- 3 |  4- 6 |  7- 9 | 10-12 | 13-15 || total
-------------------------+-------+-------+-------+-------+-------++-------
Melee: Hand axe          |    79 |   129 |    66 |   568 |    14 ||   856
       Headbutt          |     9 |    19 |    46 |   117 |   124 ||   315
       Punch             |     1 |     1 |     4 |     3 |       ||     9
       War axe           |       |       |   116 |       |       ||   116
       Battleaxe         |       |       |       |       |   253 ||   253
       Executioner's axe |       |       |       |       |   255 ||   255
Invok: Berserk           |     1 |     3 |     9 |    30 |    19 ||    62
  Use: Scroll            |       |    11 |       |    10 |    11 ||    32
Armor: Animal skin       |    11 |       |       |       |       ||    11
       Plate armour      |    27 |    74 |    81 |   265 |   385 ||   832
Dodge: Dodged            |    59 |    37 |   138 |   370 |   333 ||   937
Block: Kite shield       |       |       |       |     8 |     5 ||    13

Table legend: (Time is in decaauts)
 A = Elapsed time spent in this place.
 B = Non-inter-level travel time spent in this place.
 C = Inter-level travel time spent in this place.
 D = Time resting spent in this place.
 E = Time spent auto-exploring this place.
 F = Levels seen in this place.
 G = Mean time per level.
                   A        B        C        D        E       F      G
               +--------+--------+--------+--------+--------+-----+--------+
         Total |  31331 |  29470 |   1861 |  10575 |  15324 |  19 | 1649.0 |
       Dungeon |  19710 |  18399 |   1311 |   7166 |   8960 |  12 | 1642.5 |
          Lair |  11339 |  10789 |    550 |   3408 |   6177 |   6 | 1889.8 |
         Sewer |    280 |    280 |      0 |      0 |    187 |   1 |  280.0 |
               +--------+--------+--------+--------+--------+-----+--------+

Top non-repeatable levels by time:
    D:11: 5179 daAuts
    D:10: 3398 daAuts
  Lair:5: 2851 daAuts
  Lair:2: 1982 daAuts
  Lair:6: 1902 daAuts
  Lair:3: 1713 daAuts
     D:5: 1706 daAuts
     D:6: 1549 daAuts
  Lair:1: 1514 daAuts
  Lair:4: 1375 daAuts
     D:9: 1335 daAuts
     D:2: 1246 daAuts
    D:12: 1140 daAuts
     D:8: 1073 daAuts
     D:1: 1009 daAuts
